 Dungeon Crawl Stone Soup version 0.20-a0-1043-gbd57889 (webtiles) character file.

11 Gorglomux the Chopper (level 2, 0/25 HPs)
             Began as a Hill Orc Gladiator on Apr 24, 2017.
             Slain by an adder (1 damage)
             ... on level 2 of the Dungeon.
             The game lasted 00:01:12 (349 turns).

Gorglomux the Chopper (Hill Orc Gladiator)           Turns: 349, Time: 00:01:13

Health: 0/25       AC:  4    Str: 16    XL:     2   Next: 29%
Magic:  2/2        EV: 12    Int:  8    God:
Gold:   84         SH:  0    Dex: 12    Spells: 1/1 levels left

rFire    . . .     SeeInvis .   a - +0 war axe
rCold    . . .     Gourm    .   (no shield)
rNeg     . . .     Faith    .   b - +0 leather armour
rPois    .         Spirit   .   c - +0 helmet
rElec    .         Reflect  .   (no cloak)
rCorr    .         Harm     .   (no gloves)
MR       .....                  (no boots)
Stlth    +.........             (no amulet)
Regen    0.1/turn               (no ring)
MPRegen  0.1/turn               (no ring)

@: no status effects
A: no striking features
a: no special abilities


You were on level 2 of the Dungeon.
You were not hungry.

You visited 1 branch of the dungeon, and saw 2 of its levels.

You collected 84 gold pieces.

Inventory:

Hand Weapons
 a - a +0 war axe (weapon)
Missiles
 d - 3 throwing nets {=f, !d}
Armour
 b - a +0 leather armour (worn)
 c - a +0 helmet (worn)
Scrolls
 e - a scroll of teleportation {unknown}
Comestibles
 f - a bread ration {@e1@e1}
 g - a meat ration {@e2@e2}


   Skills:
 - Level 2.4 Fighting
 + Level 4.9 Axes
 - Level 1.7 Throwing
 - Level 2.4 Dodging


You had one spell level left.
You didn't know any spells.

Dungeon Overview and Level Annotations

Branches:
Dungeon (2/15)

Altars:


Message History

A rat is nearby!
You slash the rat!
You kill the rat!
No target in view!
Found a stone staircase leading down.
A hobgoblin comes into view. It is wielding a club.
A hobgoblin is nearby!
No target in view!
No target in view!
No target in view!
The hobgoblin shouts!
The hobgoblin is too close now for your liking.
You see here a meat ration {@e2@e2}.
The hobgoblin closely misses you.
You hit the hobgoblin. The hobgoblin barely misses you.
You hit the hobgoblin.
You kill the hobgoblin!
No target in view!
No target in view!
Things that are here:
a club; a hobgoblin corpse
g - a meat ration {@e2@e2}
Things that are here:
a club; a hobgoblin corpse You now have 84 gold pieces (gained 6).
Things that are here:
a club; a hobgoblin corpse A gnoll comes into view.
It is wielding a spear.
A gnoll is nearby!
The gnoll shouts!
A gnoll is nearby!
A gnoll is nearby!
The gnoll hits you from afar with a spear.
You take 2 damage, and have 23/25 hp.
The gnoll hits you but does no damage.
You closely miss the gnoll. The gnoll hits you with a spear! x2
* * * LOW HITPOINT WARNING * * *
You take 16 damage, and have 7/25 hp.
MASSIVE DAMAGE!!
You hit the gnoll but do no damage. The gnoll closely misses you.
The gnoll misses you.
There is a stone staircase leading down here.
The gnoll hits you from afar with a spear.
* * * LOW HITPOINT WARNING * * *
You climb downwards.
An adder comes into view.
Found 18 stones.
Found a stone staircase leading down.
There is a stone staircase leading up here.
You take 4 damage, and have 4/25 hp.
Unknown command.
The adder hisses angrily.
A rat comes into view.
The rat barely misses you. The rat closely misses you.
The rat completely misses you.
You see here 18 stones.
You swing at nothing.
The rat bites you but does no damage.
You aren't carrying any items that you can evoke.
Unknown command.
You aren't carrying any potions.
Unknown command.
You closely miss the rat. The rat bites you.
* * * LOW HITPOINT WARNING * * *
You take 1 damage, and have 4/25 hp.
Unknown command.
You see here 18 stones.
You see here 18 stones.
You see here 18 stones.
The rat bites you but does no damage.
You see here 18 stones.
You see here 18 stones.
You see here 18 stones.
You see here 18 stones.
You open the door.
A quokka comes into view.
The rat bites you but does no damage. The quokka barely misses you.
There is an open door here.
You barely miss the quokka. You completely miss the rat. The quokka bites you.
* * * LOW HITPOINT WARNING * * *
The rat bites you.
* * * LOW HITPOINT WARNING * * *
The quokka closely misses you.
You take 7 damage, and have 4/25 hp.
MASSIVE DAMAGE!!
You barely miss the quokka. You hit the rat.
You kill the rat!
The quokka bites you but does no damage.
The adder bites you but does no damage.
Unknown command.
You completely miss the adder. You slash the quokka!
You kill the quokka!
The adder bites you.
* * * LOW HITPOINT WARNING * * *
The adder closely misses you.
You take 3 damage, and have 1/25 hp.
Unknown command.
You miss the adder. The adder closely misses you.
You slash the adder! The adder bites you.
You die...

#.......<.+ #
......>...#####.#.
....#............
... #(###....$##
... #.###.....##
....#...........+
.........####....#
........†####....#
........S@†.+ ....
.........#### ...
.......... ...
........###
...####.. .. ..
... ..


You could see an adder.

Vanquished Creatures
  A giant cockroach (D:1)
  2 goblins (D:1)
  3 hobgoblins (D:1)
  A quokka (D:2)
  4 rats
11 creatures vanquished.

Notes
Turn   | Place    | Note
-------+----------+-------------------------------------------
     0 | D:1      | Gorglomux the Hill Orc Gladiator began the quest for the Orb.
     0 | D:1      | Reached XP level 1. HP: 18/18 MP: 1/1
   146 | D:1      | Reached XP level 2. HP: 25/25 MP: 2/2
   252 | D:1      | HP: 4/25 [gnoll/spear (4)]
   264 | D:2      | HP: 4/25 [rat (1)]
   345 | D:2      | HP: 4/25 [rat (3)]
   347 | D:2      | HP: 1/25 [adder (3)]
   349 | D:2      | Slain by an adder

Vault maps used:
D:1:      dpeg_arrival_short_road, minmay_cut_off
D:2:      cheibrodos_pilgrimage, first_bread

Action                   || total
-------------------------++-------
Melee: War axe           ||    32
Armor: Leather armour    ||    12
Dodge: Dodged            ||    27

Vault maps used:
D:1:      dpeg_arrival_short_road, minmay_cut_off
D:2:      cheibrodos_pilgrimage, first_bread

Table legend:
 A = Turns spent in this place as a percentage of turns spent in the entire game.
 B = Non-inter-level travel turns spent in this place as a percentage of non-inter-level travel turns spent in the entire game.
 C = Inter-level travel turns spent in this place as a percentage of turns spent in this place.
 D = Turns resting spent in this place as a percentage of non-inter-level travel turns spent in this place.
 E = Turns spent auto-exploring this place as a percentage of non-inter-level travel turns spent in this place.
 F = Non-inter-level travel turns spent in this place divided by the number of levels of this place that you've seen.
                   A       B       C       D       E      F
               +-------+-------+-------+-------+-------+----------------------
         Total | 100.0 | 100.0 |   0.0 |   0.0 |   6.0 | 116.0
       Dungeon | 100.0 | 100.0 |   0.0 |   0.0 |   6.0 | 116.0
               +-------+-------+-------+-------+-------+----------------------

Table legend:
 A = Kills in this place as a percentage of kills in entire the game.
 B = Kills by you in this place as a percentage of kills by you in the entire game.
 C = Kills by friends in this place as a percentage of kills by friends in the entire game.
 D = Other kills in this place as a percentage of other kills in the entire game.
 E = Experience gained in this place as a percentage of experience gained in the entire game.
 F = Experience gained in this place divided by the number of levels of this place that you have seen.
                   A       B       C       D       E      F
               +-------+-------+-------+-------+-------+----------------------
         Total | 100.0 | 100.0 |  -nan |  -nan | 100.0 |   8.5
       Dungeon | 100.0 | 100.0 |  -nan |  -nan | 100.0 |   8.5
               +-------+-------+-------+-------+-------+----------------------
